 Dungeon Crawl Stone Soup version 0.30-a0-21-g5d08c37080 (webtiles) character file.

Game seed: 4913189153444675531

389 Soryeang the Poker (level 7, 0/50 HPs)
             Began as a Meteoran Wanderer on Aug 24, 2022.
             Was an Initiate of Nemelex Xobeh.
             Slain by a white imp (5 damage)
             ... on level 5 of the Dungeon.
             The game lasted 00:05:26 (2569 turns).

Soryeang the Poker (Meteoran Wanderer)              Turns: 2569, Time: 00:05:26

Health: 0/50       AC:  6    Str: 13    XL:     7   Next: 29%
Magic:  8/8        EV:  9    Int: 11    God:    Nemelex Xobeh [......]
Gold:   161        SH:  0    Dex: 19    Spells: 6/6 levels left

rFire   . . .      SeeInvis .    e - +2 dagger (venom)
rCold   . . .      Faith    .    (no shield)
rNeg    . . .      Spirit   .    c - +0 scale mail
rPois   .          Reflect  .    (no helmet)
rElec   .          Harm     .    (no cloak)
rCorr   .          Rampage  .    (no gloves)
Will    .....                    (no boots)
Stlth   ..........               (no amulet)
HPRegen 0.16/turn                (no ring)
MPRegen 0.11/turn                (no ring)

@: glowing
A: sense surroundings 1, otherworldly, glowing, explore regen
a: Renounce Religion, Draw Escape, Draw Destruction, Draw Summoning


You were on level 5 of the Dungeon.
You worshipped Nemelex Xobeh.
Nemelex Xobeh was noncommittal.
You visited 2 branches of the dungeon, and saw 6 of its levels.

You collected 161 gold pieces.

Inventory:

Hand Weapons
 a - a +2 spear
 b - a +0 falchion
 e - a +2 dagger of venom (weapon)
Missiles
 z - 10 poisoned darts (quivered)
Armour
 c - a +0 scale mail (worn)
 v - a +0 buckler
Magical Staves
 l - a staff of earth
Scrolls
 h - a scroll of magic mapping
 i - a scroll of identify
 k - 2 scrolls of vulnerability
 m - a scroll of amnesia
 x - 2 scrolls of blinking
Potions
 d - 2 potions of might
 f - 2 potions of cancellation {unknown}
 g - 2 potions of mutation {unknown}
 j - 2 potions of flight {unknown}
 n - 2 potions of ambrosia {unknown}
 o - 2 potions of invisibility {unknown}
 q - a potion of brilliance {unknown}
 t - a potion of curing {unknown}
 u - a potion of resistance {unknown}
 w - a potion of heal wounds {unknown}


   Skills:
 - Level 3.6 Long Blades
 + Level 7.8 Polearms
 - Level 1.2 Throwing
 - Level 3.2 Armour
 - Level 0.4 Dodging
 + Level 4.5 Shields


You had 6 spell levels left.
You didn't know any spells.
Your spell library contained the following spells:

 Spells                   Type           Power      Damage    Failure   Level
 Scorch                   Fire           0%         2d5       94%         2
 Flame Wave               Conj/Fire      0%         2d4       100%        4
 Summon Cactus Giant      Summ           0%         N/A       100%        6


Dungeon Overview and Level Annotations

Branches:
Dungeon (5/15) Zot: 525    Temple (1/1) D:5 Zot: 525

Altars:
Gozag
Kikubaaqudgha
Nemelex Xobeh
Ru
Uskayaw
Xom

Shops:
D:4 ?

Annotations:
D:4 1 runed translucent door, tensugalgo's ghost, amateur FeCK


Innate Abilities, Weirdness & Mutations

You passively map a small area around you.
You are easily found by Zot.
You glow in the dark.
You regain HP and MP as you explore.


Message History

The orc priest is moderately wounded.
The orc priest hits you with a +0 whip.
You barely miss the orc priest.
The orc priest is heavily wounded.
The orc priest hits you with a +0 whip.
You hit the orc priest but do no damage.
The orc priest looks as sick as possible!
The orc priest is heavily wounded.
The orc priest barely misses you.
You hit the orc priest.
The orc priest looks as sick as possible!
The orc priest is almost dead.
The orc priest barely misses you.
You hit the orc priest.
You kill the orc priest!
You hit the white imp but do no damage.
The white imp is poisoned.
The white imp hits you but does no damage.
You closely miss the white imp.
The white imp is lightly wounded.
The white imp barely misses you.
You closely miss the white imp.
The white imp is lightly wounded.
The white imp gestures at you. The puff of frost hits you!
* * * LOW HITPOINT WARNING * * *
You completely miss the white imp.
The white imp is lightly wounded.
The white imp gestures at you. The puff of frost hits you!
* * * LOW HITPOINT WARNING * * *
You closely miss the white imp.
You punch the white imp, but do no damage.
The white imp is lightly wounded.
The white imp attacks as you move away!
The white imp hits you but does no damage.
The white imp attacks as you move away! The white imp hits you.
* * * LOW HITPOINT WARNING * * *
The white imp freezes you.
You die...
Your body disappears without additional glow.

* , # ...##/##
#..#...#################
#..#.....5†.............
#.........o......######*
#.#.....########)#
#.#......# #5#
#.#......# #@#
..5......# #.#
#.######.# #.# * #.# #.#
#.# #.# #.# ###.# #.#
#.# #...# #.# #.# #.###
* #.# #)# #.# #.# #.#
#.#


You could see a white imp (very poisoned).

Vanquished Creatures
  An ice beast (D:5)
  A scorpion (D:3)
  A jelly (D:4)
  An orc priest (D:5)
  2 iguanas (D:4)
  5 adders
  A shadow imp (D:5)
  3 dart slugs
  2 orcs
  6 endoplasms
  3 giant cockroaches
  8 goblins
  10 hobgoblins
  9 kobolds
  A quokka (D:2)
  5 ball pythons
  5 bats
  3 frilled lizards
  2 rats
69 creatures vanquished.

Notes
Turn   | Place    | Note
-------+----------+-------------------------------------------
     0 | D:1      | Soryeang the Meteoran Wanderer began the quest for the Orb.
     0 | D:1      | Soryeang set off with the following items: a +2 spear, a +0
                  | falchion, a +0 scale mail, a potion of might.
     0 | D:1      | Reached XP level 1. HP: 14/14 MP: 2/2
    32 | D:1      | Reached skill level 5 in Polearms
    55 | D:1      | Reached XP level 2. HP: 3/20 MP: 3/3
   318 | D:1      | Reached XP level 3. HP: 24/26 MP: 4/4
   506 | D:1      | Glimpsed the power of Zot.
   731 | D:2      | Found a faded altar of an unknown god.
   811 | D:2      | Reached skill level 6 in Polearms
   930 | D:2      | Reached XP level 4. HP: 30/33 MP: 5/5
  1422 | D:3      | Reached skill level 1 in Shields
  1422 | D:3      | Reached XP level 5. HP: 24/38 MP: 6/6
  1481 | D:3      | Found a snail-covered altar of Cheibriados.
  1483 | D:3      | Found a shimmering altar of Xom.
  1483 | D:3      | Found a sparkling altar of Nemelex Xobeh.
  1485 | D:3      | Found a sparkling altar of Nemelex Xobeh.
  1485 | D:3      | Found a white marble altar of Elyvilon.
  1485 | D:3      | Found a shimmering altar of Xom.
  1764 | D:4      | Reached XP level 6. HP: 43/45 MP: 7/7
  1774 | D:4      | Reached skill level 7 in Polearms
  2180 | D:4      | Found Odiet's Magic Scroll Shop.
  2230 | D:4      | Found a runed translucent door.
  2236 | D:4      | Noticed tensugalgo's ghost (amateur FeCK)
  2306 | D:4      | Found an opulent altar of Gozag.
  2316 | D:4      | Glimpsed the power of Zot.
  2366 | D:4      | Glimpsed the power of Zot.
  2369 | D:5      | Entered Level 5 of the Dungeon
  2369 | D:5      | Noticed an ice beast
  2378 | D:5      | Killed an ice beast
  2379 | D:5      | Reached XP level 7. HP: 38/50 MP: 8/8
  2420 | D:5      | Found a staircase to the Ecumenical Temple.
  2429 | Temple   | Entered the Ecumenical Temple
  2481 | Temple   | Became a worshipper of Nemelex Xobeh the Trickster
  2569 | D:5      | Slain by a white imp

Illustrated notes

Levels and vault maps discovered:
D:1:      lemuel_arrival_behind_the_door_large, layout_basic,
          dreamdust_wishing_well
D:2:      layout_rooms, hellmonk_ecumenical_altar_pennies_from_heaven,
          grunt_ministairs_8
D:3:      layout_loops_ring, doesnt_xom_only_xom, minmay_cut_off
D:4:      layout_loops_ring, mainiacjoe_overflow_tiny_flanked, serial_shops,
          nicolae_stop_n_shop_2, ebering_ghost_reflecting_pool, nrook_campfire
D:5:      layout_loops_ring, mainiacjoe_overflow_alcove_4, temple_statues
Temple:   bh_familiar_temple

Skill      XL: |  1  2  3  4  5  6 |
---------------+-------------------+-----
Polearms       | 5 6 7 |  7.8
Armour         | 3 |  3.2
Shields        | 1 2 4 |  4.5
Long Blades    | |  3.6
Throwing       | |  1.2
Dodging        | |  0.4

Action                   |  1- 3 |  4- 6 |  7- 9 || total
-------------------------+-------+-------+-------++-------
Melee: Dagger            |    74 |   104 |    22 ||   200
       Spear             |     4 |       |       ||     4
       Punch             |     3 |     1 |     2 ||     6
  Use: Scroll            |       |     8 |       ||     8
       Potion            |       |     1 |       ||     1
Armor: Scale mail        |    37 |    47 |     5 ||    89
Dodge: Dodged            |    18 |    30 |     5 ||    53

Table legend: (Time is in decaauts)
 A = Elapsed time spent in this place.
 B = Non-inter-level travel time spent in this place.
 C = Inter-level travel time spent in this place.
 D = Time resting spent in this place.
 E = Time spent auto-exploring this place.
 F = Levels seen in this place.
 G = Mean time per level.
                   A        B        C        D        E       F      G
               +--------+--------+--------+--------+--------+-----+--------+
         Total |   2549 |   2527 |     22 |    224 |   1532 |   6 |  424.8 |
       Dungeon |   2474 |   2452 |     22 |    224 |   1532 |   5 |  494.8 |
        Temple |     74 |     74 |      0 |      0 |      0 |   1 |   74.0 |
               +--------+--------+--------+--------+--------+-----+--------+

Top non-repeatable levels by time:
     D:3: 694 daAuts
     D:4: 667 daAuts
     D:1: 524 daAuts
     D:2: 465 daAuts
     D:5: 122 daAuts
  Temple: 74 daAuts
